 Dungeon Crawl Stone Soup version 0.28-a0-511-gcc94558de3 (webtiles) character file.

Game seed: 5712929146399214675

127050 bmj180 the Severer (level 17, -14/161 HPs)
             Began as a Hill Orc Fighter on Sept 21, 2021.
             Was the Champion of Okawaru.
             Demolished by a +8 vampiric battleaxe (18 damage)
             ... on level 1 of the Elven Halls.
             The game lasted 01:26:32 (36171 turns).

bmj180 the Severer (Hill Orc Fighter)              Turns: 36171, Time: 01:26:32

Health: -14/161    AC: 28    Str: 21    XL:     17   Next: 0%
Magic:  25/25      EV: 13    Int: 11    God:    Okawaru [******]
Gold:   972        SH: 13    Dex: 18    Spells: 16/16 levels left

rFire   + . .      SeeInvis .   a - +1 war axe (flame)
rCold   + + +      Faith    .   E - +1 buckler {rPois}
rNeg    + . .      Spirit   .   J - +4 chain mail "Tumih" {rN+ Dex+3}
rPois   +          Reflect  +   S - +2 helmet
rElec   +          Harm     .   Z - scarf {rC+ rF+}
rCorr   .          Rampage  .   v - +1 pair of gloves
Will    +++..                   O - +1 pair of boots
Stlth   ..........              w - amulet of Ebufyez {Reflect rElec rC+ SH+5}
HPRegen 0.36/turn               x - ring "Duisitt" {rC+ AC+4 Stlth+}
MPRegen 0.19/turn               d - ring of the Mage {Wiz Will++ Int+3}

@: about to teleport
A: no striking features
a: Renounce Religion, Heroism, Finesse, Duel


You were on level 1 of the Elven Halls.
You worshipped Okawaru.
Okawaru was exalted by your worship.
You visited 5 branches of the dungeon, and saw 25 of its levels.

You collected 4380 gold pieces.
You spent 3408 gold pieces at shops.

Inventory:

Hand Weapons
 a - a +1 war axe of flaming (weapon)
 b - a +2 hand axe of venom
 c - a +1 spectral war axe
 i - a +2 dagger of freezing
 L - the +7 rapier of Famine {flame, Fly rN+ SInv}
   (You found it on level 6 of the Dungeon)

   It burns those it strikes, dealing additional fire damage.
   rN:        It protects you from negative energy.
   SInv:      It lets you see invisible.
   Fly:       It grants you flight.
Missiles
 l - 111 poisoned darts (quivered)
 q - a throwing net
 N - 8 silver javelins
Armour
 n - +0 acid dragon scales
 o - a +3 ring mail of willpower
 v - a +1 pair of gloves (worn)
 D - a +2 scale mail of fire resistance
 E - a +1 buckler of poison resistance (worn)
 J - the +4 chain mail "Tumih" (worn) {rN+ Dex+3}
   (You found it on level 13 of the Dungeon)

   Dex:       It affects your dexterity (+3).
   rN:        It protects you from negative energy.
 O - a +1 pair of boots (worn)
 S - a +2 helmet (worn)
 Z - a scarf of resistance (worn)
Jewellery
 d - the ring of the Mage (right hand) {Wiz Will++ Int+3}
   (You bought it in a shop on level 2 of the Orcish Mines)

   [ring of wizardry]

   It improves your spell success rate.
   Int:       It affects your intelligence (+3).
   Will:      It greatly increases your willpower.
 e - a +4 ring of evasion
 k - a ring of fire
 w - the amulet of Ebufyez (around neck) {Reflect rElec rC+ SH+5}
   (You bought it in a shop on level 4 of the Dungeon)

   [amulet of reflection]

   It reflects blocked missile attacks.
   rC:        It protects you from cold.
   rElec:     It insulates you from electricity.
   SH:        It affects your SH (+5).
 x - the ring "Duisitt" (left hand) {rC+ AC+4 Stlth+}
   (You acquired it on level 9 of the Dungeon)

   [ring of protection]

   AC:        It affects your AC (+4).
   rC:        It protects you from cold.
   Stlth:     It makes you more stealthy.
 M - a ring of flight
Wands
 h - a wand of digging (4)
 z - a wand of paralysis (26)
 C - a wand of flame (15)
 F - a wand of polymorph (15)
 K - a wand of mindburst (18)
 R - a wand of acid (15)
 W - a wand of iceblast (13)
Scrolls
 g - 2 scrolls of fear
 p - 3 scrolls of magic mapping
 r - 2 scrolls of identify
 s - 3 scrolls of blinking
 y - 6 scrolls of teleportation
 B - a scroll of fog
 I - a scroll of silence
Potions
 f - a potion of flight
 j - a potion of resistance
 m - 9 potions of curing
 t - 6 potions of heal wounds
 u - 4 potions of haste
 G - 3 potions of cancellation
 H - 4 potions of invisibility
 V - 4 potions of might
Miscellaneous
 T - a phial of floods


   Skills:
 * Level 17.2 Fighting
 + Level 0.4 Short Blades
 + Level 19.9 Axes
 + Level 6.0 Throwing
 + Level 10.2 Armour
 * Level 9.1 Dodging
 + Level 11.0 Shields
 + Level 0.2 Unarmed Combat
 * Level 11.6 Invocations
 + Level 9.3 Evocations


You had 16 spell levels left.
You didn't know any spells.
Your spell library contained the following spells:

 Spells                   Type           Power      Damage    Failure   Level
 Apportation              Tloc           0%         N/A       65%         1
 Freeze                   Ice            0%         1d3       65%         1
 Magic Dart               Conj           0%         1d3       65%         1
 Pain                     Necr           0%         1d4       65%         1
 Corpse Rot               Necr/Air       N/A        N/A       77%         2
 Scorch                   Fire           0%         2d5       77%         2
 Searing Ray              Conj           0%         2d4       77%         2
 Slow                     Hex            0%         N/A       77%         2
 Sublimation of Blood     Necr           0%         N/A       77%         2
 Wereblood                Tmut           0%         N/A       77%         2
 Confusing Touch          Hex            0%         N/A       93%         3
 Frozen Ramparts          Ice            0%         1d2       93%         3
 Gell's Gravitas          Tloc           0%         N/A       93%         3
 Lesser Beckoning         Tloc           0%         N/A       93%         3
 Mephitic Cloud           Conj/Pois/Air  0%         N/A       93%         3
 Portal Projectile        Hex/Tloc       0%         N/A       93%         3
 Teleport Other           Tloc           0%         N/A       93%         3
 Vampiric Draining        Necr           0%         2d6       93%         3
 Dispel Undead            Necr           0%         3d6       100%        4
 Flame Wave               Conj/Fire      0%         3d3       100%        4
 Fulminant Prism          Conj/Hex       0%         3d6       100%        4
 Hailstorm                Conj/Ice       0%         3d3       100%        4
 Agony                    Necr           0%         N/A       100%        5
 Blade Hands              Tmut           0%         N/A       100%        5
 Excruciating Wounds      Necr           0%         N/A       100%        5
 Iron Shot                Conj/Erth      0%         9d1       100%        6
 Animate Skeleton         Necr           Unusable   N/A       N/A         1
 Summon Small Mammal      Summ           Unusable   N/A       N/A         1
 Call Imp                 Summ           Unusable   N/A       N/A         2
 Animate Armour           Summ/Erth      Unusable   N/A       N/A         4
 Death Channel            Necr           Unusable   N/A       N/A         6
 Summon Cactus Giant      Summ           Unusable   N/A       N/A         6
 Summon Hydra             Summ           Unusable   N/A       N/A         7

Dungeon Overview and Level Annotations

Branches:
Dungeon (15/15)            Temple (1/1) D:7            Lair (6/6) D:8
  Swamp (0/4) Lair:4       Spider (0/4) Lair:4        Slime (0/5) Lair:6
    Orc (2/2) D:9             Elf (1/3) Orc:2        Vaults (0/5) D:13
 Depths (0/4) D:15

Altars:
Ashenzari
Cheibriados
Dithmenos
Elyvilon
Fedhas
Gozag
Hepliaklqana
Kikubaaqudgha
Makhleb
Nemelex Xobeh
Okawaru
Qazlal
Ru
Sif Muna
Trog
Uskayaw
Vehumet
Wu Jian
Xom
Yredelemnul
Zin
The Shining One
Beogh

Shops:
D:4 [**   D:9 (   D:10 ?   D:12 [*!*(   D:14 *   Orc:1 [(*   Orc:2 ?=*[(

Portals:
Trove: D:13 (give +6 fire dragon scales)


Message History

The +8 vampiric battleaxe hits you but does no damage.
The deep elf pyromancer hits you but does no damage.
You barely miss the deep elf pyromancer.
The deep elf pyromancer is severely wounded.
You hit the +8 vampiric battleaxe. You hit the fire elemental.
You slash the fire elemental!
You destroy the fire elemental!
The fire elemental disappears in a puff of smoke!
The deep elf pyromancer burns!
You block the fire elemental's attack.
You block the +8 vampiric battleaxe's attack.
Unknown command.
You slash the deep elf pyromancer! You burn the deep elf pyromancer.
You kill the deep elf pyromancer!
Okawaru accepts your kill.
The fire elemental disappears in a puff of smoke! x2
You slash the +8 vampiric battleaxe! The +8 vampiric battleaxe hits you!!
* * * LOW HITPOINT WARNING * * *
You have reached level 17!
You hit the +8 vampiric battleaxe but do no damage.
The +8 vampiric battleaxe is severely damaged.
Unknown command.
You hit the +8 vampiric battleaxe but do no damage.
The +8 vampiric battleaxe is severely damaged.
The +8 vampiric battleaxe hits you!!
* * * LOW HITPOINT WARNING * * *
The +8 vampiric battleaxe draws strength from your wounds!
Unknown command.
You closely miss the +8 vampiric battleaxe.
The +8 vampiric battleaxe is severely damaged.
The +8 vampiric battleaxe hits you but does no damage.
You feel much better. The +8 vampiric battleaxe hits you!!
* * * LOW HITPOINT WARNING * * *
The +8 vampiric battleaxe draws strength from your wounds!
Unknown command.
As you read the scroll of teleportation, it crumbles to dust.
You feel strangely unstable. The +8 vampiric battleaxe hits you!
* * * LOW HITPOINT WARNING * * *
The +8 vampiric battleaxe draws strength from your wounds!
The +8 vampiric battleaxe hits you!!
You die...

. e## ####### ###+### ## ##
e.####.....###.....###. .##
.#e##.#####.#.#...#.#.#####.###
.##..ยง.....##.#...#.#.......'.#
. ###)..8..)'.#)8.#.'...8...#.#
( #.'......)#.#...#.#.......'.#
# ###.#####.#.#)..#.#.#####.#.#
##.....###.(@..###. ..##.#
####### ###'###.########.#
##...##.....# #.)#
#.....#.....###.##
#8.>.8#.....##..#
#.....#........##
##.8.##.....#### #######.#...##
#.#.....#### #


You could see a +8 vampiric battleaxe.

Vanquished Creatures
  Jorgrun (D:9)
  Rupert (Lair:5)
  Nessos (Lair:6)
  Josephine (D:9)
  An ettin (Orc:2)
  Fannar (D:10)
  A rakshasa (D:14)
  9 hydras
  A vault guard (D:13)
  Erolcha (Orc:1)
  8 boulder beetles
  2 catoblepae
  A death knight (D:15)
  4 centaur warriors
  6 ogre magi
  4 dancing weapons (Elf:1)
  14 death yaks
  A merfolk avatar (Lair:6)
  24 two-headed ogres
  5 tengu warriors
  Urug (Lair:3)
  A storm dragon skeleton (D:15)
  2 skeletal warriors (D:15)
  3 fire crabs (Lair:5)
  A flayed ghost (D:15)
  A spark wasp zombie (D:15)
  A sea snake (Lair:6)
  A deep elf archer (Elf:1)
  A shadow dragon zombie (D:15)
  A necromancer (D:15)
  3 oklob plants (Lair:2)
  4 deep elf pyromancers
  3 deep elf zephyrmancers (Elf:1)
  4 cyclopes
  8 ugly things
  2 orc sorcerers (Orc:1)
  7 manticores
  Maurice (D:11)
  16 elephants
  A torpor snail (Lair:6)
  6 black mambas
  6 cane toads
  8 rime drakes
  A freezing wraith (D:14)
  A rime drake (shapeshifter) (D:13)
  14 komodo dragons
  2 unseen horrors
  2 komodo dragons (shapeshifter)
  5 tengu conjurers
  A polar bear (Lair:1)
  The ghost of Xoff the Shield-Bearer, an amateur GnFi (D:4)
  3 meliai
  2 hornets
  A queen bee (Lair:3)
  Prince Ribbit (Lair:3)
  A snapping turtle (Lair:6)
  6 slime creatures
  A spriggan zombie (D:15)
  2 trolls (D:9)
  23 blink frogs
  2 dream sheep (Lair:6)
  A vampire (D:13)
  A shadow (D:10)
  A water elemental (Elf:1)
  74 yaks
  4 wyverns
  2 centaur simulacra
  7 wraiths
  A fire bat (Lair:5)
  A fire elemental (Lair:5)
  6 basilisks
  Eustachio (D:3)
  5 vampire mosquitoes
  3 steam dragons
  Edmund (D:3)
  2 acid dragons (D:11)
  Menkaure (D:4)
  15 water moccasins
  12 orc warriors
  2 sky beasts (D:7)
  A black bear (shapeshifter) (D:14)
  2 black bears
  31 ogres
  14 wolves
  7 centaurs
  A phantom (D:6)
  2 kobold brigands
  18 bullfrogs
  A gnoll sergeant (D:11)
  4 scorpions
  25 killer bees
  9 howler monkeys
  4 centaur zombies
  3 hounds
  14 orc priests
  A centaur skeleton (D:6)
  Ijyb (D:3)
  Natasha (thrice) (D:3)
  11 orc wizards
  9 hell rats (Lair:2)
  2 howler monkey zombies
  9 gnolls
  6 adders
  4 river rats (Lair:2)
  A shadow imp (D:7)
  A white imp (D:6)
  2 ufetubi
  5 worms
  2 dart slugs
  70 orcs
  6 ball pythons
  7 endoplasms
  5 giant cockroaches
  5 hobgoblins
  2 jackals (D:2)
  13 kobolds
  4 quokkas
  4 bats
  2 frilled lizards
  8 goblins
  16 rats
713 creatures vanquished.

Vanquished Creatures (others)
  Sonja (Lair:5)
  A deep elf pyromancer (Elf:1)
  A deep elf zephyrmancer (Elf:1)
  2 bushes (Lair:6)
  79 fungi
  129 plants
  11 withered plants
224 creatures vanquished.

Grand Total: 937 creatures vanquished

Notes
Turn   | Place    | Note
-------+----------+-------------------------------------------
     0 | D:1      | bmj180 the Hill Orc Fighter began the quest for the Orb.
     0 | D:1      | Reached XP level 1. HP: 19/19 MP: 1/1
    94 | D:1      | Found a roughly hewn altar of Beogh.
   147 | D:1      | Reached XP level 2. HP: 23/27 MP: 2/2
   148 | D:1      | Reached skill level 3 in Axes
   309 | D:1      | Found a faded altar of an unknown god.
   946 | D:2      | Reached XP level 3. HP: 27/33 MP: 3/3
  1258 | D:2      | Reached skill level 4 in Axes
  1420 | D:2      | Reached XP level 4. HP: 29/40 MP: 4/4
  1912 | D:3      | Noticed Natasha
  1924 | D:3      | Killed Natasha
  2029 | D:3      | Found an ornate altar of the Wu Jian Council.
  2317 | D:3      | Reached skill level 1 in Dodging
  2317 | D:3      | Reached XP level 5. HP: 47/47 MP: 5/5
  2380 | D:3      | Noticed Ijyb
  2442 | D:3      | Noticed Natasha
  2450 | D:3      | Killed Natasha
  2451 | D:3      | Reached skill level 5 in Axes
  2992 | D:3      | Noticed Natasha
  3031 | D:3      | Killed Ijyb
  3032 | D:3      | Reached skill level 1 in Throwing
  3034 | D:3      | Killed Natasha
  3101 | D:4      | Noticed Edmund
  3105 | D:4      | Reached XP level 6. HP: 52/53 MP: 6/6
  3127 | D:3      | HP: 1/53 [Edmund (10)]
  3440 | D:3      | Killed Edmund
  3441 | D:3      | Reached skill level 5 in Fighting
  3441 | D:3      | Reached skill level 6 in Axes
  3441 | D:3      | Reached skill level 1 in Evocations
  3538 | D:4      | Found Vawu's Assorted Antiques.
  3549 | D:4      | Bought a scintillating silver amulet for 125 gold pieces
  3549 | D:4      | Identified the amulet of Ebufyez {Reflect rElec rC+ SH+5}
                  | (You bought it in a shop on level 4 of the Dungeon)
  3553 | D:4      | Noticed Menkaure
  3874 | D:4      | Found a runed translucent gate.
  3875 | D:4      | Found a runed translucent gate.
  3876 | D:4      | Found a runed translucent gate.
  3878 | D:4      | Noticed Xoff's ghost (amateur GnFi)
  3885 | D:4      | Noticed Eustachio
  3888 | D:4      | Killed Menkaure
  3889 | D:4      | Reached XP level 7. HP: 30/61 MP: 7/7
  3903 | D:4      | Found Olieckuf's Armour Shoppe.
  4114 | D:3      | Killed Eustachio
  4115 | D:3      | Reached skill level 7 in Axes
  4380 | D:4      | Found Maerring's Assorted Antiques.
  4519 | D:4      | Identified the +1 ring mail of Eblaegg {rF- Int+5}
  4530 | D:4      | Found a roughly hewn altar of Beogh.
  4530 | D:4      | Identified the +4 dagger of Sitsatume {vorpal, rF+ Dex+4}
  4582 | D:4      | Bought a +0 buckler of poison resistance for 102 gold
                  | pieces
  4675 | D:5      | Entered Level 5 of the Dungeon
  5494 | D:5      | Reached skill level 8 in Axes
  5494 | D:5      | Reached XP level 8. HP: 23/70 MP: 8/8
  6401 | D:6      | Reached skill level 9 in Axes
  6408 | D:6      | Found an ancient bone altar of Kikubaaqudgha.
  6650 | D:6      | Identified the +7 rapier of Famine {flame, Fly rN+ SInv}
  6977 | D:6      | Found a stormy altar of Qazlal.
  7157 | D:7      | Reached XP level 9. HP: 69/78 MP: 9/9
  7310 | D:7      | Noticed a hornet
  7327 | D:7      | Killed a hornet
  7328 | D:7      | Reached skill level 5 in Armour
  7627 | D:7      | Reached skill level 10 in Axes
  7955 | D:7      | Reached skill level 11 in Axes
  8228 | D:7      | Found a staircase to the Ecumenical Temple.
  8256 | D:7      | Reached XP level 10. HP: 64/86 MP: 10/10
  8446 | Temple   | Entered the Ecumenical Temple
  8860 | D:7      | Reached skill level 12 in Axes
  9101 | D:4      | Killed Xoff's ghost
  9109 | D:4      | Reached skill level 5 in Shields
 10087 | D:8      | Found a staircase to the Lair.
 10092 | D:8      | Reached skill level 13 in Axes
 10250 | D:9      | Reached skill level 5 in Evocations
 10255 | D:9      | Found an opulent altar of Gozag.
 10479 | D:9      | Reached XP level 11. HP: 94/95 MP: 11/11
 10498 | D:9      | Found a basalt altar of Yredelemnul.
 10500 | D:9      | Found a radiant altar of Vehumet.
 10501 | D:9      | Found a shimmering altar of Xom.
 10630 | D:9      | Found a staircase to the Orcish Mines.
 10649 | D:9      | Found a roughly hewn altar of Beogh.
 11254 | D:9      | Found Oluecw's Hydra Hut.
 11255 | D:9      | Noticed a four-headed hydra
 11502 | D:4      | Bought a scarf of resistance for 384 gold pieces
 11676 | D:9      | Identified a scroll of acquirement
 11676 | D:9      | Acquired 1375 gold pieces
 11708 | D:10     | Entered Level 10 of the Dungeon
 11708 | D:10     | Noticed a two-headed ogre
 11725 | D:9      | Killed a two-headed ogre
 11726 | D:9      | Reached skill level 14 in Axes
 11987 | D:10     | Found a snail-covered altar of Cheibriados.
 12047 | D:10     | Found Igimmawn's Magic Scroll Shoppe.
 12056 | D:10     | Bought a scroll of identify for 24 gold pieces
 12056 | D:10     | Bought a scroll of identify for 24 gold pieces
 12056 | D:10     | Bought a scroll of identify for 24 gold pieces
 12056 | D:10     | Bought a scroll of identify for 24 gold pieces
 12062 | D:10     | Noticed a manticore
 12068 | D:10     | Killed a manticore
 12120 | D:10     | Found a sparkling altar of Nemelex Xobeh.
 12179 | D:10     | Found a hide-covered altar of Uskayaw.
 12192 | D:10     | Noticed Fannar
 12205 | D:10     | Killed Fannar
 12374 | D:10     | Found a sacrificial altar of Ru.
 12409 | D:10     | Found an iron altar of Okawaru.
 12422 | D:10     | Became a worshipper of Warmaster Okawaru
 12504 | D:10     | Found a broken altar of Ashenzari.
 12906 | D:4      | Bought a heavily runed leather armour for 161 gold pieces
 12906 | D:4      | Identified the +3 leather armour "Meroc" {rC- Regen+ Str+3}
                  | (You bought it in a shop on level 4 of the Dungeon)
 12906 | D:4      | Bought a fine leather armour for 161 gold pieces
 12906 | D:4      | Identified the +0 leather armour of Jiaj {rC+} (You bought
                  | it in a shop on level 4 of the Dungeon)
 12906 | D:4      | Bought a runed buckler for 172 gold pieces
 12906 | D:4      | Bought a bubbling golden potion for 20 gold pieces
 12906 | D:4      | Bought a bubbling golden potion for 20 gold pieces
 12906 | D:4      | Bought a metallic coppery potion for 20 gold pieces
 12906 | D:4      | Bought a potion of curing for 69 gold pieces
 12906 | D:4      | Bought a potion of curing for 69 gold pieces
 12906 | D:4      | Bought a potion of heal wounds for 115 gold pieces
 12906 | D:4      | Bought a runed scale mail for 161 gold pieces
 12906 | D:4      | Bought a glowing ring mail for 161 gold pieces
 12906 | D:4      | Bought a scroll of identify for 46 gold pieces
 13098 | D:9      | Bought a +2 hand axe of flaming for 243 gold pieces
 13156 | D:11     | Noticed a two-headed ogre
 13165 | D:11     | Killed a two-headed ogre
 13166 | D:11     | Reached skill level 1 in Invocations
 13180 | D:11     | Noticed a boulder beetle
 13195 | D:11     | Killed a boulder beetle
 13195 | D:11     | Reached * piety under Okawaru
 13619 | D:11     | Noticed a cyclops
 13632 | D:11     | Reached skill level 15 in Axes
 13638 | D:11     | Killed a cyclops
 13726 | D:11     | Noticed a manticore
 13736 | D:11     | Reached skill level 5 in Dodging
 13742 | D:11     | Killed a manticore
 13743 | D:11     | Reached XP level 12. HP: 27/105 MP: 10/13
 14121 | D:11     | Noticed a boulder beetle
 14212 | D:11     | Killed a boulder beetle
 14212 | D:11     | Reached ** piety under Okawaru
 14577 | D:11     | Reached skill level 5 in Throwing
 14730 | D:11     | Noticed Maurice
 14737 | D:11     | Killed Maurice
 14914 | D:4      | Bought a shiny peridot ring for 125 gold pieces
 15089 | D:12     | Found Hiebb's Distillery.
 15102 | D:12     | Found Sorroeho's General Store.
 15266 | D:12     | Found Wucsiwol's Antique Armour Shop.
 15453 | D:11     | Reached skill level 10 in Fighting
 15497 | D:12     | Reached *** piety under Okawaru
 15638 | D:12     | Found Oxarchue's Antique Weapon Emporium.
 15648 | D:12     | Noticed a boulder beetle
 15680 | D:12     | Killed a boulder beetle
 15680 | D:12     | Received a gift from Okawaru
 15910 | D:12     | Found Vaperete's General Store.
 16228 | D:12     | Received a gift from Okawaru
 16521 | Lair:1   | Entered Level 1 of the Lair of Beasts
 16521 | Lair:1   | Noticed a five-headed hydra
 16532 | Lair:1   | Killed a one-headed hydra
 16532 | Lair:1   | Received a gift from Okawaru
 16533 | Lair:1   | Reached skill level 16 in Axes
 17027 | Lair:1   | Noticed a five-headed hydra
 17062 | Lair:1   | Killed a one-headed hydra
 17062 | Lair:1   | Reached **** piety under Okawaru
 17155 | Lair:1   | Reached skill level 5 in Invocations
 17234 | Lair:1   | Noticed a five-headed hydra
 17248 | Lair:1   | Killed a one-headed hydra
 17740 | Lair:2   | Reached XP level 13. HP: 114/114 MP: 16/16
 18322 | Lair:2   | Reached ***** piety under Okawaru
 18322 | Lair:2   | Received a gift from Okawaru
 19082 | Lair:2   | Received a gift from Okawaru
 19643 | D:12     | Bought a pair of glowing boots for 255 gold pieces
 19722 | D:9      | Acquired the ring "Duisitt" {rC+ AC+4 Stlth+}
 20089 | Lair:3   | Reached skill level 17 in Axes
 20204 | Lair:3   | Noticed Prince Ribbit
 20215 | Lair:3   | Killed Prince Ribbit
 20388 | Lair:3   | Identified the +5 dagger "Kaluq" {vorpal, Int+2}
 20539 | Lair:3   | Received a gift from Okawaru
 20590 | Lair:3   | Noticed Urug
 20673 | Lair:3   | Received a gift from Okawaru
 21071 | Lair:3   | Killed Urug
 21830 | Lair:4   | Reached XP level 14. HP: 104/127 MP: 19/19
 22196 | Lair:4   | Found a hole to the Spider Nest.
 22325 | Lair:4   | Received a gift from Okawaru
 22351 | Lair:4   | Found a staircase to the Swamp.
 22397 | Lair:4   | Reached ****** piety under Okawaru
 22715 | Lair:5   | Noticed Rupert
 22827 | Lair:5   | Found a transporter.
 22858 | Lair:5   | Identified the +3 ring mail of Okawaru's Envy {rC++}
                  | (Okawaru gifted it to you on level 5 of the Lair of Beasts)
 22858 | Lair:5   | Received a gift from Okawaru
 22859 | Lair:5   | Noticed Sonja
 22867 | Lair:5   | Killed Sonja
 24044 | Lair:5   | Reached skill level 18 in Axes
 24285 | Lair:5   | Killed Rupert
 24402 | Lair:5   | Found a transporter.
 25040 | Lair:6   | Entered Level 6 of the Lair of Beasts
 25467 | Lair:6   | Reached XP level 15. HP: 130/138 MP: 21/21
 25617 | Lair:6   | Identified the +0 scale mail "Jyqyeq" {Dex+2} (Okawaru
                  | gifted it to you on level 6 of the Lair of Beasts)
 25617 | Lair:6   | Received a gift from Okawaru
 26180 | Lair:6   | Identified the +6 trident of Corporal Punishment {drain,
                  | Drain rF++ rN+ Dex+9}
 26754 | Lair:6   | Noticed Nessos
 26766 | Lair:6   | Killed Nessos
 27193 | Lair:6   | Found a staircase to the Slime Pits.
 27896 | Orc:1    | Entered Level 1 of the Orcish Mines
 27918 | Orc:1    | Found Zohoor's Armour Shop.
 27918 | Orc:1    | Noticed Josephine
 27926 | Orc:1    | Noticed Jorgrun
 27972 | D:9      | Killed Josephine
 28079 | Orc:1    | Noticed Erolcha
 28307 | D:9      | Killed Jorgrun
 28476 | Orc:1    | Killed Erolcha
 28479 | Orc:1    | Reached skill level 19 in Axes
 28670 | Orc:1    | Reached skill level 15 in Fighting
 28773 | Orc:1    | Found Umogafe's Weapon Boutique.
 28936 | Orc:2    | Entered Level 2 of the Orcish Mines
 28954 | Orc:2    | Paralysed by something for 5 turns
 29368 | Orc:2    | Received a gift from Okawaru
 29616 | Orc:1    | Found Pinlumublio's Assorted Antiques.
 29719 | Orc:2    | Reached skill level 10 in Shields
 29722 | Orc:2    | Reached skill level 10 in Invocations
 30011 | Orc:2    | Found a staircase to the Elven Halls.
 30038 | Orc:2    | Reached XP level 16. HP: 133/149 MP: 23/23
 30073 | Orc:2    | Found Obedday's Magic Scroll Boutique.
 30081 | Orc:2    | Found Packugis's Antique Armour Shoppe.
 30081 | Orc:2    | Found Jeah's Jewellery Shop.
 30084 | Orc:2    | Found Naaqob's Antique Weapon Boutique.
 30084 | Orc:2    | Found Tarr's Assorted Antiques.
 30109 | Orc:2    | Received a gift from Okawaru
 30157 | Orc:2    | Bought a pitted chain mail for 180 gold pieces
 30157 | Orc:2    | Identified the +1 chain mail of Wasted Space {Contam rC+
                  | Str+7 SInv} (You bought it in a shop on level 2 of the
                  | Orcish Mines)
 30860 | D:13     | Found a portal to a secret trove of treasure.
 31299 | D:13     | Identified the +4 chain mail "Tumih" {rN+ Dex+3}
 31595 | D:13     | Found a gate to the Vaults.
 32869 | D:14     | Found Azxeil's Changing Room.
 33153 | D:14     | Received a gift from Okawaru
 33847 | D:15     | Entered Level 15 of the Dungeon
 34418 | D:15     | Paralysed by something for 7 turns
 34644 | D:15     | Found a staircase to the Depths.
 34702 | D:15     | Reached skill level 10 in Armour
 35521 | Orc:2    | Bought the ring of the Mage {Wiz Will++ Int+3} for 723 gold
                  | pieces
 35521 | Orc:2    | Found the ring of the Mage {Wiz Will++ Int+3}
 35632 | Elf:1    | Entered Level 1 of the Elven Halls
 35925 | Elf:1    | Received a gift from Okawaru
 36166 | Elf:1    | Reached XP level 17. HP: 34/161 MP: 25/25
 36170 | Elf:1    | HP: 3/161 [+8 vampiric battleaxe (15)]
 36171 | Elf:1    | Demolished by a +8 vampiric battleaxe

Illustrated notes

Levels and vault maps discovered:
D:1:      saegor_arrival_simple_e, layout_basic,
          hellmonk_ecumenical_altar_defaced_shrine, serial_bayou_pond_e,
          minmay_pentomino_w2
D:2:      minmay_general_purpose_star, layout_basic
D:3:      layout_loops_cross, nzn_wu_jian_contemplation, serial_bayou_crossing,
          uniq_natasha, uniq_ijyb
D:4:      layout_cave_pools, serial_shops, nicolae_diamond_shop,
          nicolae_shop_statue_plus, kennysheep_little_box,
          biasface_ghost_orc_armoury, uniq_eustachio, uniq_menkaure, uniq_edmund
D:5:      layout_basic, amcnicky_mini_pool_small
D:6:      layout_loops_ring, kennysheep_mini_moat, kiku_gazebo_garden_becter
D:7:      layout_loops_ring, minmay_temple_entry_gardened_gates
D:8:      layout_basic, grunt_lair_entry_orc_guard_hut
D:9:      layout_cave_pools, grunt_temple_overflow_open,
          nicolae_gozag_cash_rules_everything_around_me,
          minmay_orc_entry_temple_large, doesnt_shop_hydraphobe
D:10:     layout_rooms, cheibrodos_worm_habitat, okawaru_altar_gauntlet_db,
          nemelex_spade_bored_becter, mainiacjoe_overflow_small_starburst,
          nicolae_uskayaw_murder_on_the_dancefloor,
          nicolae_ru_great_annihilating_truth, serial_shops, shop_scrolls,
          uniq_fannar
D:11:     layout_roguey, uniq_maurice
D:12:     layout_irregular_city, serial_shops, nicolae_shop_overgrown_old_shop,
          nicolae_shop_statue_plus, shop, nicolae_square_shop,
          nicolae_diamond_shop, hangedman_decor_opposing
D:13:     layout_stronghold, david_vaults_5, enter_trove_0,
          minmay_fractal_squares_gapless_5
D:14:     layout_loops_cross, chequers_serial_rivers_micro_d,
          nicolae_transmutations_shop
D:15:     gammafunk_depths_entry_grave, layout_rooms
Temple:   kb_temple_of_zot
Lair:1:   layout_misc_corridors, lemuel_fruit_tree
Lair:2:   minmay_lair_oklob_chamber, layout_regular_city,
          kennysheep_abandoned_house
Lair:3:   layout_long_grid, special_room [special_room_bee],
          beast_lair_carwin_9, infiniplex_staircase_pool, uniq_prince_ribbit2,
          uniq_urug
Lair:4:   layout_roguey, swamp_mist, dummy_spider_entry
Lair:5:   gammafunk_cloud_chamber, layout_small_grid, minivault_23, uniq_sonja,
          uniq_rupert
Lair:6:   gammafunk_lair_ancient_temple, layout_cave_pods, slime_dummy,
          uniq_nessos
Orc:1:    layout_caves, serial_shops, nicolae_square_shop, shop,
          nicolae_shop_stone, uniq_josephine, uniq_jorgrun, uniq_erolcha
Orc:2:    st_orc_ogre_mass, layout_caves, serial_shops, shop
Elf:1:    elf_arrival_001, layout_rooms, minmay_elf_sorcery, minmay_shoptagon,
          grunt_megastairs_1

Skill      XL: |  1  2  3  4  5  6  7  8  9 10 11 12 13 14 15 16 |
---------------+-------------------------------------------------+-----
Axes           | 3 4 5 6 8 9 11 13 15 16 17 18 19 | 19.9
Fighting       | 4 5 6 7 8 9 10 12 14 15 17 | 17.2
Dodging        | 1 2 3 4 5 6 7 8 9 |  9.1
Throwing       | 1 2 3 4 5 6 |  6.0
Evocations     | 1 2 3 4 5 6 7 8 9 |  9.3
Armour         | 4 5 6 7 8 9 10 | 10.2
Shields        | 4 5 6 8 9 10 11 | 11.0
Invocations    | 2 5 6 8 10 11 | 11.6
Short Blades   | |  0.4
Unarmed Combat | |  0.2

Action                   |  1- 3 |  4- 6 |  7- 9 | 10-12 | 13-15 | 16-18 || total
-------------------------+-------+-------+-------+-------+-------+-------++-------
Melee: War axe           |    99 |   133 |   350 |   497 |   972 |   576 ||  2627
       Unarmed           |       |    16 |       |       |       |       ||    16
       Dagger            |       |       |       |    17 |     9 |       ||    26
       Hand axe          |       |       |       |    23 |    35 |    46 ||   104
Throw: Dart              |       |       |     4 |     2 |       |       ||     6
Invok: Heroism           |       |       |       |     3 |    14 |     1 ||    18
       Finesse           |       |       |       |       |     2 |     1 ||     3
Evoke: Wand              |       |       |     2 |    10 |     5 |       ||    17
  Use: Potion            |       |     1 |     1 |     1 |     4 |     1 ||     8
       Scroll            |       |       |       |    25 |     4 |     2 ||    31
 Stab: Confused          |       |     3 |       |       |       |       ||     3
       Distracted        |       |       |       |     9 |    18 |     3 ||    30
       Paralysed         |       |       |       |     1 |       |       ||     1
       Sleeping          |       |       |       |       |     4 |       ||     4
       Petrified         |       |       |       |       |       |     2 ||     2
Armor: Scale mail        |    44 |    37 |       |       |       |       ||    81
       Chain mail        |       |    30 |   132 |    79 |       |   188 ||   429
       Skin              |       |     2 |       |       |       |       ||     2
       Ring mail         |       |       |       |    54 |   238 |    15 ||   307
       Acid dragon scale |       |       |       |       |     3 |       ||     3
Dodge: Dodged            |    42 |    57 |   116 |   127 |   306 |   195 ||   843
Block: Buckler           |    26 |    40 |   155 |   202 |   485 |   253 ||  1161
       Reflection        |       |       |       |     9 |     8 |     8 ||    25

Table legend: (Time is in decaauts)
 A = Elapsed time spent in this place.
 B = Non-inter-level travel time spent in this place.
 C = Inter-level travel time spent in this place.
 D = Time resting spent in this place.
 E = Time spent auto-exploring this place.
 F = Levels seen in this place.
 G = Mean time per level.
                   A        B        C        D        E       F      G
               +--------+--------+--------+--------+--------+-----+--------+
         Total |  35738 |  31974 |   3764 |   7264 |  17369 |  25 | 1429.5 |
       Dungeon |  22403 |  19696 |   2707 |   4172 |  11032 |  15 | 1493.5 |
        Temple |    108 |     92 |     16 |      0 |     87 |   1 |  108.0 |
          Lair |  10600 |   9758 |    842 |   2249 |   5371 |   6 | 1766.7 |
  Orcish Mines |   2298 |   2102 |    196 |    740 |    859 |   2 | 1149.0 |
   Elven Halls |    326 |    326 |      0 |    103 |     20 |   1 |  326.0 |
               +--------+--------+--------+--------+--------+-----+--------+

Top non-repeatable levels by time:
     D:9: 2815 daAuts
  Lair:6: 2435 daAuts
  Lair:2: 1887 daAuts
  Lair:3: 1883 daAuts
     D:3: 1862 daAuts
     D:6: 1839 daAuts
    D:11: 1802 daAuts
     D:7: 1651 daAuts
    D:13: 1530 daAuts
  Lair:1: 1521 daAuts
  Lair:4: 1492 daAuts
     D:2: 1427 daAuts
    D:15: 1418 daAuts
  Lair:5: 1380 daAuts
    D:12: 1378 daAuts
